 Dungeon Crawl Stone Soup version 0.30.0 (webtiles) character file.

Game seed: 17104930143854573832

587 Kepochkin the Covert (level 7, 0/42 HPs)
             Began as a Kobold Brigand on May 14, 2023.
             Was an Initiate of Kikubaaqudgha.
             Slain by an ogre
             ... wielding a +0 giant spiked club
              (18 damage)
             ... on level 5 of the Dungeon.
             The game lasted 00:33:48 (3651 turns).

Kepochkin the Covert (Kobold Brigand)               Turns: 3651, Time: 00:33:49

Health: 0/42       AC:  6    Str:  8    XL:     7   Next: 65%
Magic:  7/7        EV: 16    Int: 13    God:    Kikubaaqudgha [......]
Gold:   202        SH:  0    Dex: 18    Spells: 3/6 levels left

rFire   . . .        w - +0 dagger (vamp)
rCold   . . .        (no shield)
rNeg    . . .        b - +0 robe
rPois   .            j - +0 helmet
rElec   .            n - +1 cloak {rCorr}
rCorr   +            c - +0 pair of gloves
SInv    .            (no boots)
Will    .....        (no amulet)
Stlth   +++++        (no ring)
HPRegen 0.27/turn    (no ring)
MPRegen 0.10/turn

%: no passive effects
@: brilliant
A: small, no large weapons, nightstalker 3
a: Renounce Religion


You were on level 5 of the Dungeon.
You worshipped Kikubaaqudgha.
Kikubaaqudgha was noncommittal.
You visited 1 branch of the dungeon, and saw 5 of its levels.

You collected 202 gold pieces.

Inventory:

Hand Weapons
 a - a +2 dagger
 f - a +1 short sword of electrocution
 k - a +1 dagger of electrocution
 m - a +3 quarterstaff of chaos
 w - a +0 vampiric dagger (weapon)
 y - a +0 heavy dire flail
Missiles
 d - 9 poisoned darts (quivered)
 e - 9 curare-tipped darts
Armour
 b - a +0 robe (worn)
 c - a +0 pair of gloves (worn)
 j - a +0 helmet (worn)
 n - a +1 cloak of preservation (worn)
 o - the +1 chain mail of the Louse {Int+8}
   (You found it on level 3 of the Dungeon)

   Int:       It affects your intelligence (+8).
 A - the +0 plate armour of the Flute {rC- Regen+ Str+3 Int+2}
   (You found it on level 4 of the Dungeon)

   Str:       It affects your strength (+3).
   Int:       It affects your intelligence (+2).
   rC:        It makes you vulnerable to cold.
   Regen:     It increases your rate of health regeneration.
Jewellery
 t - a ring of wizardry
Wands
 g - a wand of roots (21)
Scrolls
 i - 4 scrolls of identify
 p - a scroll of noise {unknown}
 q - 2 scrolls of butterflies {unknown}
 s - a scroll of amnesia {unknown}
 v - a scroll of fear {unknown}
 x - a scroll of immolation {unknown}
Potions
 h - a potion of degeneration {unknown}
 r - 2 potions of curing
 u - a potion of berserk rage {unknown}


   Skills:
 * Level 3.9 Fighting
 * Level 5.5 Short Blades
 - Level 2.1 Throwing
 * Level 3.5 Dodging
 + Level 9.2 Stealth


You had 3 spell levels left.
You knew the following spells:

 Your Spells              Type           Power      Damage    Failure   Level
a - Spider Form           Tmut/Pois      0%         N/A       67%         3

Your spell library contained the following spells:

 Spells                   Type           Power      Damage    Failure   Level
 Apportation              Tloc           0%         N/A       30%         1
 Beastly Appendage        Tmut           0%         N/A       30%         1
 Ensorcelled Hibernation  Hex/Ice        0%         N/A       43%         2
 Wereblood                Tmut           0%         N/A       43%         2
 Anguish                  Hex/Necr       0%         N/A       97%         4
 Alistair's Intoxication  Tmut/Pois      0%         N/A       100%        5


Dungeon Overview and Level Annotations

Branches:
Dungeon (5/15)
 Temple: D:4-7

Altars:
Kikubaaqudgha
Ru
Trog
Zin

Shops:
D:3 *[=[


Innate Abilities, Weirdness & Mutations

You are small and have problems with some larger weapons.
You are completely attuned to the shadows.


Message History

The ufetubus hits you but does no damage.
You hit the ufetubus but do no damage.
The ufetubus is moderately wounded.
The ufetubus closely misses you. The ufetubus barely misses you.
You closely miss the ufetubus.
The ufetubus is moderately wounded.
The ufetubus barely misses you. x2
You hit the ufetubus but do no damage.
The ufetubus is moderately wounded.
The ufetubus hits you but does no damage.
The ufetubus closely misses you.
You hit the ufetubus.
The ufetubus is severely wounded.
The ufetubus completely misses you. The ufetubus hits you.
You hit the ufetubus but do no damage.
The ufetubus is severely wounded.
The ufetubus hits you. The ufetubus completely misses you.
You closely miss the ufetubus.
The ufetubus is severely wounded.
The ufetubus completely misses you.
The ufetubus hits you but does no damage.
You hit the ufetubus but do no damage.
The ufetubus is severely wounded.
The ufetubus completely misses you. The ufetubus barely misses you.
You hit the ufetubus but do no damage.
The ufetubus is severely wounded.
The ufetubus barely misses you. The ufetubus misses you.
You hit the ufetubus.
You kill the ufetubus!
Kikubaaqudgha accepts your kill.
You closely miss the ogre.
The ogre is lightly wounded.
The ogre completely misses you.
You hit the ogre.
You feel better.
The ogre is lightly wounded.
You barely miss the ogre.
The ogre is lightly wounded.
The ogre hits you with a +0 giant spiked club!!
You die...
Kikubaaqudgha rasps: "You have failed me!
Welcome... death!"

#...##.#
#...##.#
.....#.#
#.# ....
#.# ....
#.# ....
#.#
....####.#
.....O@.[#
....######
#.#. . ..
.##


You could see an ogre.

Vanquished Creatures
  A steam dragon (D:5)
  Edmund (D:4)
  A black bear (D:5)
  Crazy Yiuf (D:2)
  A jelly (D:4)
  An iguana (D:4)
  Ijyb (D:3)
  Robin (D:2)
  5 adders
  An ufetubus (D:5)
  4 dart slugs
  8 ball pythons
  6 bats
  3 endoplasms
  2 giant cockroaches
  15 goblins
  4 hobgoblins
  8 kobolds
  A quokka (D:1)
  4 frilled lizards
  5 rats
74 creatures vanquished.

Notes
Turn   | Place    | Note
-------+----------+-------------------------------------------
     0 | D:1      | Kepochkin the Kobold Brigand began the quest for the Orb.
     0 | D:1      | Reached XP level 1. HP: 12/12 MP: 1/1
   142 | D:1      | Reached XP level 2. HP: 17/17 MP: 2/2
   379 | D:1      | Reached XP level 3. HP: 22/22 MP: 3/3
   528 | D:1      | Reached skill level 6 in Stealth
  1028 | D:2      | Reached XP level 4. HP: 27/27 MP: 4/4
  1104 | D:2      | Noticed Robin
  1127 | D:2      | Killed Robin
  1215 | D:2      | Learned a level 3 spell: Spider Form
  1506 | D:2      | Found a runed translucent door.
  1509 | D:2      | Noticed Crazy Yiuf
  1513 | D:2      | Killed Crazy Yiuf
  1514 | D:2      | Reached XP level 5. HP: 32/32 MP: 5/5
  1781 | D:3      | Found Guhoan Qodo's Armour Shop.
  1815 | D:3      | Found Acsedepa's Jewellery Shoppe.
  1831 | D:3      | Noticed Ijyb
  1835 | D:3      | Killed Ijyb
  1836 | D:3      | Reached skill level 7 in Stealth
  1853 | D:3      | Identified the +1 chain mail of the Louse {Int+8}
  2016 | D:3      | Found Orchem's Antique Armour Shoppe.
  2034 | D:3      | Found a glowing silver altar of Zin.
  2122 | D:3      | Found Faphut's General Store.
  2532 | D:4      | Reached XP level 6. HP: 37/37 MP: 6/6
  2740 | D:4      | Found an ancient bone altar of Kikubaaqudgha.
  2766 | D:4      | Became a worshipper of Kikubaaqudgha
  2918 | D:4      | Found a sacrificial altar of Ru.
  3069 | D:4      | Noticed Edmund
  3073 | D:4      | Killed Edmund
  3074 | D:4      | Reached skill level 5 in Short Blades
  3074 | D:4      | Reached skill level 8 in Stealth
  3088 | D:4      | Reached XP level 7. HP: 41/41 MP: 7/7
  3223 | D:4      | Identified the +0 plate armour of the Flute {rC- Regen+
                  | Str+3 Int+2}
  3428 | D:5      | Entered Level 5 of the Dungeon
  3565 | D:5      | Found a bloodstained altar of Trog.
  3594 | D:5      | Noticed a steam dragon
  3598 | D:5      | Killed a steam dragon
  3599 | D:5      | Reached skill level 9 in Stealth
  3651 | D:5      | Slain by an ogre

Illustrated notes

Levels and vault maps discovered:
D:1:      mrwooster_arrival_statue_3, layout_loops_ring,
          ebering_dispersal_statue_hall, serial_bayou_pond_a
D:2:      layout_basic, corexii_item_surrounded_by_moat, dk_noncrumbling_3,
          uniq_robin, uniq_crazy_yiuf_cottage
D:3:      layout_basic, zin_statuary, serial_shops, shop, nicolae_square_shop,
          nicolae_shop_hallway_stairs, shop, uniq_ijyb
D:4:      layout_basic, lemuel_doored_altar, hangedman_ru_absence, uniq_edmund
D:5:      layout_loops_ring, tso_altar, mainiacjoe_overflow_cross_hatched,
          gup_sewer_entry_bubbles

Skill      XL: |  1  2  3  4  5  6  7 |
---------------+----------------------+-----
Short Blades   | 3 4 5 |  5.5
Stealth        | 6 7 8 9 |  9.2
Dodging        | 2 3 |  3.5
Fighting       | 3 |  3.9
Throwing       | |  2.1

Action                     |  1- 3 |  4- 6 |  7- 9 || total
---------------------------+-------+-------+-------++-------
  Melee: Short sword       |    51 |    74 |       ||   125
         Dagger            |     5 |    18 |    38 ||    61
         Punch             |     1 |     1 |     1 ||     3
  Throw: Dart              |       |     1 |       ||     1
   Cast: Spider Form       |       |     1 |       ||     1
    Use: Scroll            |     5 |       |       ||     5
         Potion            |       |     1 |     4 ||     5
   Stab: Sleeping          |    20 |    19 |     2 ||    41
         Distracted        |       |     1 |       ||     1
 Armour: Robe              |     6 |    18 |    10 ||    34
  Dodge: Dodged            |    21 |    52 |    62 ||   135
